Map: Écho EC

Players

Ambi

  • Race: Zerg Zerg

AgCl - Winner!

  • Race: Protoss Protoss

VOD

Have the link to the VOD?

Description

Time

  • Played on: May 15, 2015, 3:04 a.m.
  • Length: 2:56
Show
View Real Time Build Order
Export as new Build Order

Ambi Zerg 

Build Orders: Hatch First 

Get SALT Encoding   

  12  0:04  Drone  
  13  0:24  Overlord  
  13  0:35  Drone  
  14  0:43  Drone  
  15  0:51  Hatchery  
  15  0:53  Drone  
  15  0:59  Drone  
  15  1:00  Drone  
  17  1:16  Spawning Pool  
  16  1:18  Drone  
  16  1:22  Drone  
  18  1:40  Drone  
  18  1:41  Overlord  
  19  2:04  Queen  
  19  2:06  Zergling x2  
  22  2:11  Extractor  
  21  2:15  Spine Crawler, Zergling x2  
  21  2:17  Spine Crawler  
  21  2:22  Spine Crawler  
  19  2:36  Zergling x2  
  19  2:37  Zergling x2  
Show
View Real Time Build Order
Export as new Build Order

AgCl Protoss - Winner!

Build Orders:  

Get SALT Encoding   

  12  0:13  Pylon  
  12  0:16  Probe  
  14  0:34  Gateway  
  14  0:35  Probe  
  14  0:47  Probe  
  15  0:54  Assimilator  
  15  0:59  Probe, Pylon  
  16  1:11  Probe  
  17  1:23  Probe  
  17  1:24  Zealot (Chrono Boost)  
  17  1:25  Cybernetics Core  
  20  1:35  Probe (Chrono Boost)  
  21  1:41  Assimilator  
  21  1:45  Probe (Chrono Boost)  
  22  1:49  Zealot (Chrono Boost)  
  24  1:57  Probe (Chrono Boost)  
  25  2:09  Mothership Core (Chrono Boost)  
  25  2:13  Zealot  
  29  2:23  Probe  
  30  2:41  Stargate  
Tags
 
Add a new tag
Caveats
  • Supply blocks, unpowered buildings, or Contaminate may cause inaccurate times.
  • Supply counts are checked every 10 seconds.